 Dungeon Crawl Stone Soup version 0.22.1-1-ga44c0e5 (webtiles) character file.

106 kyle53 the Skirmisher (level 4, -1/42 HPs)
             Began as a Hill Orc Berserker on Oct 28, 2018.
             Was a Believer of Trog.
             Slain by an orc
             ... wielding a +0 short sword
              (2 damage)
             ... on level 3 of the Dungeon.
             The game lasted 00:06:13 (2389 turns).

kyle53 the Skirmisher (Hill Orc Berserker)          Turns: 2389, Time: 00:06:14

Health: -1/42      AC:  3    Str: 20    XL:     4   Next: 84%
Magic:  4/4        EV: 11    Int:  7    God:    Trog [**....]
Gold:   89         SH:  3    Dex: 10    Spells: 3/3 levels left

rFire    . . .     SeeInvis .   k - +0 dagger (venom)
rCold    . . .     Gourm    .   q - +0 buckler
rNeg     . . .     Faith    .   b - +1 animal skin
rPois    .         Spirit   .   (no helmet)
rElec    .         Reflect  .   (no cloak)
rCorr    .         Harm     .   (no gloves)
MR       .....                  (no boots)
Stlth    +.........             (no amulet)
HPRegen  0.14/turn              m - ring of flight
MPRegen  0.09/turn              (no ring)

@: no status effects
A: no striking features
a: Berserk, Trog's Hand, Renounce Religion, Evoke Flight


You were on level 3 of the Dungeon.
You worshipped Trog.
Trog was pleased with you.
You were not hungry.

You visited 1 branch of the dungeon, and saw 3 of its levels.

You collected 89 gold pieces.

Inventory:

Hand Weapons
 f - a +2 dagger of speed
 k - a +0 dagger of venom (weapon)
Armour
 b - a +1 animal skin (worn)
 q - a +0 buckler (worn)
Jewellery
 m - a ring of flight (left hand)
Scrolls
 a - a scroll of magic mapping
 d - 3 scrolls of remove curse
 g - a scroll of identify
 h - a scroll of enchant armour
 p - a scroll of immolation {unknown}
Potions
 e - 2 potions of curing
 i - a potion of mutation {unknown}
 j - a potion of brilliance {unknown}
 l - a potion of haste {unknown}
 o - a potion of cancellation {unknown}
Comestibles
 c - 4 rations
 n - 2 chunks of flesh


   Skills:
 + Level 5.0 Fighting
 + Level 1.3 Short Blades
   Level 4.2 Axes
 + Level 2.8 Armour
 + Level 2.3 Dodging
 + Level 0.4 Stealth


You had 3 spell levels left.
You didn't know any spells.
Your spell library was empty.

Dungeon Overview and Level Annotations

Branches:
Dungeon (3/15)

Altars:
Gozag


Message History

You barely miss something. The orc hits you with a short sword.
* * * LOW HITPOINT WARNING * * *
Something hits you.
* * * LOW HITPOINT WARNING * * *
You barely miss something. The orc hits you with a short sword.
* * * LOW HITPOINT WARNING * * *
Something hits you but does no damage.
The orc wizard gestures at you while chanting.
The magic dart hits something.
Reactivating autopickup.
Your Fighting skill increases to level 5!
You feel a bit more experienced.
You closely miss the orc. The orc hits you with a short sword.
* * * LOW HITPOINT WARNING * * *
The orc wizard casts a spell.
The orc wizard seems to speed up.
You hit the orc.
The orc is poisoned.
The orc is severely wounded.
The orc hits you with a short sword.
You die...

.## ... ..# .#
..# ##.##
o.###.. #...
o...... #..#
##r..#
##..###@#
##...##o.#
##...##...###.#
#............#
####.##...####
#.###?## ...
#.# .......#
##...####


You could see an orc wizard, 2 orcs and a rat.

Vanquished Creatures
  A gnoll (D:1)
  3 adders (D:2)
  2 worms (D:2)
  2 dart slugs
  A leopard gecko (D:1)
  An orc (D:3)
  3 bats
  5 giant cockroaches
  5 goblins
  2 hobgoblins (D:2)
  2 frilled lizards
  6 kobolds (D:2)
  2 rats
35 creatures vanquished.

Vanquished Creatures (others)
  An orc wizard (D:3)
1 creature vanquished.

Grand Total: 36 creatures vanquished

Notes
Turn   | Place    | Note
-------+----------+-------------------------------------------
     0 | D:1      | kyle53 the Hill Orc Berserker began the quest for the Orb.
     0 | D:1      | Reached XP level 1. HP: 19/19 MP: 1/1
   482 | D:1      | Reached XP level 2. HP: 27/27 MP: 2/2
   736 | D:1      | Reached skill level 4 in Fighting
   961 | D:1      | Reached XP level 3. HP: 30/33 MP: 3/3
  1786 | D:2      | Found an opulent altar of Gozag.
  2028 | D:2      | Reached XP level 4. HP: 38/41 MP: 4/4
  2036 | D:2      | Reached skill level 1 in Short Blades
  2313 | D:2      | Reached ** piety under Trog
  2387 | D:3      | Reached skill level 5 in Fighting
  2388 | D:3      | HP: 1/42 [orc/short sword (6)]
  2389 | D:3      | Slain by an orc

Skill      XL: |  1  2  3  4 |
---------------+-------------+-----
Fighting       | 4 5 |  5.0
Dodging        | 2 |  2.3
Short Blades   | 1 |  1.3
Axes           | |  4.2
Armour         | |  2.8
Stealth        | |  0.4

Action                   |  1- 3 |  4- 6 || total
-------------------------+-------+-------++-------
Melee: Hand axe          |    14 |       ||    14
       Dagger            |   111 |    48 ||   159
  Use: Scroll            |     6 |       ||     6
       Potion            |     1 |       ||     1
  Eat: Chunk             |     3 |     2 ||     5
Armor: Animal skin       |    24 |     9 ||    33
Dodge: Dodged            |    67 |    22 ||    89
Block: Buckler           |       |     4 ||     4
